 Dungeon Crawl Stone Soup version 0.29-a0-275-g389c0b56f3 (webtiles) character file.

Game seed: 823277905467560295

3987 drugrobin the Cleaver (level 9, -7/81 HPs)
             Began as a Demigod Fighter on Mar 12, 2022.
             Mangled by a manticore (10 damage)
             ... on level 8 of the Dungeon.
             The game lasted 00:23:14 (10442 turns).

drugrobin the Cleaver (Demigod Fighter)            Turns: 10442, Time: 00:23:15

Health: -7/81      AC: 15    Str: 29    XL:     9   Next: 72%
Magic:  11/11      EV:  9    Int:  5    God:
Gold:   240        SH:  4    Dex: 13    Spells: 8/8 levels left

rFire   + + .      SeeInvis .   c - +1 whip (elec)
rCold   + . .      Faith    .   A - +0 buckler
rNeg    . . .      Spirit   .   H - +0 scale mail "Lidemen" {rF++ Regen+ Int-5}
rPois   .          Reflect  .   u - +2 helmet
rElec   .          Harm     .   s - +2 cloak
rCorr   +          Rampage  .   D - +1 pair of gloves
Will    .....                   (no boots)
Stlth   ..........              (no amulet)
HPRegen 1.03/turn               w - ring of resist corrosion
MPRegen 0.12/turn               G - ring of protection from cold

@: no status effects
A: high MP 1, forlorn, divine attributes
a: no special abilities


You were on level 8 of the Dungeon.
You visited 1 branch of the dungeon, and saw 8 of its levels.

You collected 240 gold pieces.

Inventory:

Hand Weapons
 a - a +0 vorpal war axe
 b - a +2 hunting sling of freezing
 c - a +1 whip of electrocution (weapon)
Missiles
 E - a curare-tipped dart (quivered)
Armour
 s - a +2 cloak (worn)
 u - a +2 helmet (worn)
 A - a +0 buckler (worn)
 D - a +1 pair of gloves (worn)
 H - the +0 scale mail "Lidemen" (worn) {rF++ Regen+ Int-5}
   (You found it on level 7 of the Dungeon)

   Int:       It affects your intelligence (-5).
   rF:        It greatly protects you from fire.
   Regen:     It increases your rate of health regeneration.
Magical Staves
 e - a staff of poison
Jewellery
 g - a ring of magical power
 w - a ring of resist corrosion (left hand)
 y - a ring of ice
 G - a ring of protection from cold (right hand)
Wands
 v - a wand of iceblast (4)
 B - a wand of flame (16)
 C - a wand of charming (6)
Scrolls
 f - a scroll of fog {unknown}
 h - 3 scrolls of enchant armour {unknown}
 j - a scroll of amnesia {unknown}
 k - 3 scrolls of noise {unknown}
 m - 2 scrolls of magic mapping {unknown}
 q - 2 scrolls of teleportation {unknown}
 r - 5 scrolls of identify {unknown}
 x - 2 scrolls of acquirement {unknown}
 z - a scroll of holy word {unknown}
 F - 2 scrolls of fear {unknown}
 I - a scroll of blinking {unknown}
Potions
 d - 2 potions of might
 i - 3 potions of cancellation {unknown}
 l - 4 potions of curing {unknown}
 n - a potion of brilliance {unknown}
 o - a potion of degeneration {unknown}
 p - a potion of heal wounds {unknown}
 t - a potion of lignification {unknown}


   Skills:
 + Level 8.2 Fighting
 + Level 9.2 Axes
 - Level 2.6 Armour
 - Level 2.6 Shields
 - Level 6.0 Evocations


You had 8 spell levels left.
You didn't know any spells.
Your spell library contained the following spells:

 Spells                   Type           Power      Damage    Failure   Level
 Magic Dart               Conj           0%         1d3       83%         1
 Shock                    Conj/Air       0%         1d3       83%         1
 Call Imp                 Summ           0%         N/A       92%         2
 Scorch                   Fire           0%         2d5       92%         2
 Inner Flame              Hex/Fire       0%         N/A       99%         3
 Mephitic Cloud           Conj/Pois/Air  0%         N/A       99%         3
 Swiftness                Air            0%         N/A       99%         3
 Airstrike                Air            0%         N/A       100%        4
 Cause Fear               Hex            0%         N/A       100%        4
 Flame Wave               Conj/Fire      0%         2d4       100%        4
 Freezing Cloud           Conj/Ice/Air   0%         6-21      100%        5
 Simulacrum               Ice/Necr       0%         N/A       100%        6
 Summon Cactus Giant      Summ           0%         N/A       100%        6
 Discord                  Hex            0%         N/A       100%        8
 Polar Vortex             Ice            0%         N/A       100%        9


Dungeon Overview and Level Annotations

Branches:
Dungeon (8/15)             Temple (0/1) D:7
   Lair: D:8-11

Shops:
D:4 :

Annotations:
D:5 Eustachio


Innate Abilities, Weirdness & Mutations

You have an increased reservoir of magic. (+10% MP)
You shall have no god before yourself.
Your divine heritage dramatically boosts your attributes as you level up.


Message History

The manticore completely misses you.
The manticore claws you but does no damage.
The manticore claws you.
You hit the manticore but do no damage.
Lightning courses through the manticore!
The manticore is severely wounded.
You hit the manticore but do no damage.
The manticore is severely wounded.
The manticore bites you! The manticore claws you.
You block the manticore's attack.
You barely miss the manticore.
The manticore is severely wounded.
The manticore bites you!! The manticore claws you.
* * * LOW HITPOINT WARNING * * *
You block the manticore's attack.
You hit the manticore.
The manticore is severely wounded.
The manticore bites you!
* * * LOW HITPOINT WARNING * * *
The manticore claws you.
* * * LOW HITPOINT WARNING * * *
The manticore claws you but does no damage.
Unknown command.
You closely miss the manticore.
The manticore is severely wounded.
The manticore bites you.
* * * LOW HITPOINT WARNING * * *
The manticore claws you but does no damage.
The manticore claws you.
* * * LOW HITPOINT WARNING * * *
Unknown command.
Unknown command.
Unknown command.
Unknown command.
Unknown command.
Unknown command.
You whack the manticore!
The manticore is almost dead.
You block the manticore's attack. x2; The manticore claws you!
You die...

...#...........#....+
...#...........#....#
####...........#...#
............(.##...#
..............#....#
..............'....#
..............#....#
..............#H##.# .#
############)...@#.##...##
#.....#.......#
#)....#.....).#
#.)...+.......+
#.)...#..H##.##
#<....#...# # #.....#....
#.....+....# #.....#....+


You could see a manticore.

Vanquished Creatures
  Pikel (D:7)
  A manticore (D:7)
  A wraith (D:7)
  Edmund (D:6)
  Menkaure (D:7)
  2 water moccasins (D:7)
  2 ice beasts
  A black bear (D:8)
  2 ogres
  The ghost of Cecur the Shield-Bearer, an amateur FoFi of Trog (D:3)
  4 centaurs
  2 phantoms
  A lemure (D:7)
  A kobold brigand (D:6)
  4 bullfrogs
  A necrophage (D:6)
  2 scorpions
  6 killer bees
  A centaur zombie (D:8)
  2 hounds
  An iron imp (D:6)
  A jelly (D:4)
  2 orc priests
  A gnoll shaman (D:6)
  Ijyb (D:4)
  Natasha (thrice) (D:2)
  3 iguanas
  5 orc wizards
  Robin (D:4)
  5 gnolls (D:6)
  5 adders
  2 white imps
  2 worms (D:2)
  3 dart slugs
  17 orcs
  6 ball pythons
  8 bats
  5 endoplasms
  8 giant cockroaches
  8 hobgoblins
  11 jackals
  3 quokkas
  3 frilled lizards
  20 goblins
  2 goblin skeletons (D:6)
  2 hobgoblin zombies (D:6)
  15 kobolds
  2 kobold skeletons (D:6)
  3 kobold zombies (D:6)
  An orc skeleton (D:6)
  3 orc zombies (D:6)
  6 rats
195 creatures vanquished.

Vanquished Creatures (others)
  2 fungi (D:8)
  A plant (D:8)
3 creatures vanquished.

Grand Total: 198 creatures vanquished

Notes
Turn   | Place    | Note
-------+----------+-------------------------------------------
     0 | D:1      | drugrobin the Demigod Fighter began the quest for the Orb.
     0 | D:1      | Reached XP level 1. HP: 18/18 MP: 3/3
    44 | D:1      | Reached skill level 2 in Axes
   356 | D:1      | Reached XP level 2. HP: 18/25 MP: 4/4
  1238 | D:2      | Reached XP level 3. HP: 27/31 MP: 5/5
  1351 | D:2      | Reached skill level 3 in Axes
  2179 | D:2      | Noticed Natasha
  2188 | D:2      | Killed Natasha
  2189 | D:2      | Reached XP level 4. HP: 6/38 MP: 6/6
  2986 | D:2      | Noticed Natasha
  2993 | D:2      | Killed Natasha
  3520 | D:2      | Noticed Natasha
  3526 | D:2      | Killed Natasha
  3527 | D:2      | Reached skill level 4 in Axes
  3651 | D:3      | Found a runed translucent door.
  3651 | D:3      | Noticed Cecur's ghost (amateur FoFi)
  3909 | D:3      | Reached XP level 5. HP: 40/46 MP: 7/7
  5227 | D:4      | Reached skill level 5 in Axes
  5557 | D:4      | Noticed Robin
  5627 | D:4      | Killed Robin
  5629 | D:4      | Reached XP level 6. HP: 48/52 MP: 8/8
  5778 | D:4      | Noticed Ijyb
  5790 | D:4      | Killed Ijyb
  5791 | D:4      | Found Ephin's Book Boutique.
  6267 | D:5      | Entered Level 5 of the Dungeon
  6374 | D:3      | Killed Cecur's ghost
  6728 | D:5      | Reached skill level 6 in Axes
  6742 | D:5      | Reached XP level 7. HP: 59/60 MP: 9/9
  6872 | D:5      | Reached skill level 5 in Fighting
  7647 | D:6      | Noticed Eustachio
  7994 | D:6      | Reached skill level 1 in Evocations
  8175 | D:6      | Reached skill level 7 in Axes
  8211 | D:6      | Noticed Edmund
  8233 | D:6      | Killed Edmund
  8234 | D:6      | Reached XP level 8. HP: 43/65 MP: 10/10
  9128 | D:7      | Found a staircase to the Ecumenical Temple.
  9286 | D:7      | Identified the +0 scale mail "Lidemen" {rF++ Regen+ Int-5}
  9361 | D:7      | Noticed Menkaure
  9370 | D:7      | Killed Menkaure
  9430 | D:7      | Noticed Pikel
  9430 | D:7      | Noticed a manticore
  9441 | D:7      | Killed a manticore
  9442 | D:7      | Reached skill level 8 in Axes
  9442 | D:7      | Reached XP level 9. HP: 78/79 MP: 11/11
  9454 | D:7      | Killed Pikel
  9455 | D:7      | Reached skill level 5 in Evocations
 10013 | D:8      | Reached skill level 9 in Axes
 10421 | D:8      | Noticed a manticore
 10441 | D:8      | HP: 4/81 [manticore (6)]
 10442 | D:8      | Mangled by a manticore

Illustrated notes

Levels and vault maps discovered:
D:1:      dpeg_arrival_arbitrary_c, layout_rooms
D:2:      minmay_recursive_quarters, layout_basic,
          hellmonk_ecumenical_altar_dog_temple, uniq_natasha
D:3:      layout_basic, mainiacjoe_overflow_alcove_2, overflow_temple_1_default,
          marbit_many_paths, ebering_ghost_reflecting_pool, moated_statue
D:4:      layout_loops_ring, mainiacjoe_overflow_cross_hatched, serial_shops,
          nicolae_shop_crystal, minivault_23, uniq_robin, uniq_ijyb
D:5:      layout_basic
D:6:      layout_loops_ring, nicolae_hepliaklqana_hazy_memory,
          nicolae_tso_besieged_by_evil, serial_glass, glass_columns_a,
          glass_columns_b, glass_columns_a, glass_columns_a,
          kennysheep_generic_room_5, uniq_eustachio, uniq_edmund
D:7:      layout_rooms, minmay_temple_entry_junction, uniq_menkaure, uniq_pikel
D:8:      layout_gridville, grunt_lair_entry_orc_guard_hut, serial_undead,
          serial_undead_e, serial_undead_e, serial_undead_f, serial_undead_b

Skill      XL: |  1  2  3  4  5  6  7  8  9 |
---------------+----------------------------+-----
Axes           | 2 3 4 5 6 7 8 9 |  9.2
Fighting       | 3 4 5 7 8 |  8.2
Evocations     | 2 4 6 |  6.0
Armour         | |  2.6
Shields        | |  2.6

Action                   |  1- 3 |  4- 6 |  7- 9 || total
-------------------------+-------+-------+-------++-------
Melee: War axe           |   168 |   198 |   123 ||   489
       Whip              |       |       |   238 ||   238
 Fire: Hunting sling     |       |    43 |     8 ||    51
Throw: Dart              |     4 |     5 |     6 ||    15
Evoke: Wand              |       |       |     4 ||     4
Armor: Scale mail        |    79 |    85 |    90 ||   254
       Ring mail         |       |       |    74 ||    74
Dodge: Dodged            |    84 |    62 |   175 ||   321
Block: Buckler           |    38 |    46 |    78 ||   162

Table legend: (Time is in decaauts)
 A = Elapsed time spent in this place.
 B = Non-inter-level travel time spent in this place.
 C = Inter-level travel time spent in this place.
 D = Time resting spent in this place.
 E = Time spent auto-exploring this place.
 F = Levels seen in this place.
 G = Mean time per level.
                   A        B        C        D        E       F      G
               +--------+--------+--------+--------+--------+-----+--------+
         Total |  10614 |   9981 |    633 |   2131 |   5115 |   8 | 1326.8 |
       Dungeon |  10614 |   9981 |    633 |   2131 |   5115 |   8 | 1326.8 |
               +--------+--------+--------+--------+--------+-----+--------+

Top non-repeatable levels by time:
     D:2: 2420 daAuts
     D:4: 1685 daAuts
     D:3: 1571 daAuts
     D:6: 1433 daAuts
     D:1: 1121 daAuts
     D:5: 1028 daAuts
     D:7: 845 daAuts
     D:8: 510 daAuts
